 Dungeon Crawl Stone Soup version 0.30-a0-782-ge64f9170bb (webtiles) character file.

Game seed: 12761611162968686645

40 Leeroy the Insei (level 3, -1/23 HPs)
             Began as an Octopode Transmuter on Feb 22, 2023.
             Shot with a sling bullet by a goblin (3 damage)
             ... led by Robin
             ... on level 2 of the Dungeon.
             The game lasted 00:00:57 (1034 turns).

Leeroy the Insei (Octopode Transmuter)              Turns: 1034, Time: 00:00:57

Health: -1/23      AC:  1    Str:  9    XL:     3   Next: 50%
Magic:  6/6        EV: 13    Int: 17    God:
Gold:   88         SH:  0    Dex: 12    Spells: 5/6 levels left

rFire   . . .      SeeInvis .      - Unarmed
rCold   . . .      Faith    .    (no shield)
rNeg    . . .      Spirit   .    (helmet restricted)
rPois   .          Reflect  .    (no amulet)
rElec   .          Harm     .    (no ring)
rCorr   .          Rampage  .    (no ring)
Will    .....                    (no ring)
Stlth   ++                       (no ring)
HPRegen 0.23/turn                (no ring)
MPRegen 0.10/turn                (no ring)
                                 (no ring)
                                 (no ring)

@: no status effects
A: almost no armour, amphibious, 8 rings, camouflage 1, gelatinous body 1,
(nimble swimmer 1), tentacles
a: no special abilities


You were on level 2 of the Dungeon.
You visited 1 branch of the dungeon, and saw 2 of its levels.

You collected 88 gold pieces.

Inventory:

Armour
 f - an orb of mayhem
Scrolls
 d - 2 scrolls of identify {unknown}
 e - a scroll of fear {unknown}
 h - a scroll of teleportation {unknown}
 i - a scroll of silence {unknown}
Potions
 a - a potion of lignification
 b - a potion of degeneration {unknown}
 c - 2 potions of attraction {unknown}
 g - a potion of berserk rage {unknown}
 j - a potion of heal wounds {unknown}


   Skills:
 - Level 1.0 Fighting
 - Level 2.0 Dodging
 + Level 4.4 Unarmed Combat
 - Level 2.0 Spellcasting
 - Level 2.0 Transmutations


You had 5 spell levels left.
You knew the following spells:

 Your Spells              Type           Power      Damage    Failure   Level
a - Beastly Appendage     Tmut           16%        N/A       9%          1

Your spell library contained the following spells:

 Spells                   Type           Power      Damage    Failure   Level
 Wereblood                Tmut           8%         N/A       13%         2
 Spider Form              Tmut/Pois      5%         N/A       36%         3
 Ice Form                 Ice/Tmut       5%         N/A       77%         4


Dungeon Overview and Level Annotations

Branches:
Dungeon (2/15)

Altars:

Annotations:
D:2 Robin


Innate Abilities, Weirdness & Mutations

You cannot wear most types of armour.
You are amphibious.
You can wear up to eight rings at the same time.
Your skin changes colour to match your surroundings (Stealth+).
Your rubbery body absorbs attacks. (AC +1, EV +1)
((You are camouflaged when in or above water. (Stealth+)))
You have tentacles for arms and can constrict up to eight enemies at once.


Message History

You kill the goblin!
You tentacle-slap the goblin.
You kill the goblin!
The goblin shoots a sling bullet.
The sling bullet misses you.
The goblin unwields a +0 sling.
The goblin wields a +0 dagger.
The goblin misses you. Robin throws the goblin at you!
Things that are here:
a +0 dagger; a +0 club; a goblin corpse The goblin barely misses you.
The goblin completely misses you.
Robin says, "A pitiful Octopus like you will never find the ORB!"
Robin roars a battlecry!
The goblins go into a battle-frenzy!
You are too injured to fight recklessly!
The goblin unwields a +0 dagger.
The goblin wields a +0 sling.
The goblin shoots a sling bullet.
The sling bullet barely misses you. The goblin misses you.
Things that are here:
a +0 dagger; a +0 club; a goblin corpse The goblin unwields a +0 dagger.
The goblin wields a +0 sling.
The goblin shoots a sling bullet.
The sling bullet hits you.
You tentacle-slap the goblin but do no damage.
You grab the goblin. You tentacle-slap the goblin.
You kill the goblin!
The goblin shoots a sling bullet.
The sling bullet hits you. Robin throws the goblin at you!
The goblin barely misses you.
The goblin unwields a +0 sling.
The goblin wields a +0 dagger.
The goblin closely misses you.
The goblin unwields a +0 sling.
The goblin wields a +0 dagger.
The goblin hits you with a +0 dagger.
* * * LOW HITPOINT WARNING * * *
Items here: ))) [ ††.
The goblin attacks as you move away! The goblin barely misses you.
You tentacle-slap the goblin.
You kill the goblin!
The goblin unwields a +0 dagger.
The goblin wields a +0 sling.
The goblin shoots a sling bullet.
The sling bullet closely misses you.
The goblin unwields a +0 dagger.
The goblin wields a +0 sling.
The goblin shoots a sling bullet.
The sling bullet hits you.
* * * LOW HITPOINT WARNING * * *
The goblin shoots a sling bullet.
The sling bullet hits you.
You die...

#..#.....#######
#..#.#...##....#
####..#..#..#..#.##
......#..#....##.#
.###...##..#.###.# ##
#.......#.# #.# #
######..#.# #.# ##...#
#.# ##..# #@#
####..###.# .
######.......#)###g...
#...#.........ggg.g...
#..............###g...
###...##.......### ..
#.....##..†....#
#.#...##......(#
#.#...##.......#


You could see 2 goblins.

Vanquished Creatures
  A worm (D:2)
  2 dart slugs (D:2)
  3 endoplasms
  6 goblins
  4 hobgoblins (D:1)
  3 kobolds (D:1)
  3 quokkas (D:1)
  4 ball pythons
  A bat (D:1)
  2 rats
29 creatures vanquished.

Notes
Turn   | Place    | Note
-------+----------+-------------------------------------------
     0 | D:1      | Leeroy the Octopode Transmuter began the quest for the Orb.
     0 | D:1      | Reached XP level 1. HP: 13/13 MP: 3/3
   193 | D:1      | Reached XP level 2. HP: 18/18 MP: 5/5
   483 | D:1      | Reached skill level 4 in Unarmed Combat
   908 | D:2      | Reached XP level 3. HP: 22/23 MP: 6/6
  1018 | D:2      | Noticed Robin
  1033 | D:2      | HP: 1/23 [goblin/sling bullet[Robin] (3)]
  1034 | D:2      | Shot with a sling bullet by a goblin

Illustrated notes

Levels and vault maps discovered:
D:1:      dpeg_arrival_solitude, layout_basic, hangedman_decor_diamond_cutter
D:2:      layout_rooms, minmay_curled_crystal, uniq_robin

Skill      XL: |  1  2 |
---------------+-------+-----
Unarmed Combat | 4 |  4.4
Fighting       | |  1.0
Dodging        | |  2.0
Spellcasting   | |  2.0
Transmutations | |  2.0

Action                     || total
---------------------------++-------
  Melee: Unarmed           ||    65
         Constrict         ||    18
         Tentacles         ||     9
         Punch             ||     3
   Stab: Sleeping          ||     6
 Armour: Skin              ||     3
  Dodge: Dodged            ||    39

Table legend: (Time is in decaauts)
 A = Elapsed time spent in this place.
 B = Non-inter-level travel time spent in this place.
 C = Inter-level travel time spent in this place.
 D = Time resting spent in this place.
 E = Time spent auto-exploring this place.
 F = Levels seen in this place.
 G = Mean time per level.
                   A        B        C        D        E       F      G
               +--------+--------+--------+--------+--------+-----+--------+
         Total |   1030 |   1013 |     17 |      0 |    842 |   2 |  515.0 |
       Dungeon |   1030 |   1013 |     17 |      0 |    842 |   2 |  515.0 |
               +--------+--------+--------+--------+--------+-----+--------+

Top non-repeatable levels by time:
     D:1: 891 daAuts
     D:2: 138 daAuts
